 Dungeon Crawl Stone Soup version 0.26-a0-546-g3c2127501a (webtiles) character file.

Game seed: 14489827576570492357

(classic levelgen) 14392 EnegeticOcto the Severer (level 11, -2/103 HPs)
             Began as a Deep Dwarf Fighter on Aug 19, 2020.
             Was an Initiate of Jiyva.
             Slain by a wolf spider (6 damage)
             ... on level 2 of the Spider Nest.
             The game lasted 00:15:55 (3064 turns).

EnegeticOcto the Severer (Deep Dwarf Fighter)       Turns: 3064, Time: 00:15:56

Health: -2/103     AC: 14    Str: 19 (22) XL:     11   Next: 88%
Magic:  1/1 (5)    EV:  9    Int: 12 (13) God:    Jiyva [......]
Gold:   960        SH:  0    Dex: 11 (12) Spells: 15/15 levels left

rFire    + . .     SeeInvis .   n - +3 war axe (antimagic)
rCold    + + .     Faith    .   r - +0 buckler of Zaes {-Cast rPois Regen+ Int+3}
rNeg     . . .     Spirit   .   p - +4 plate armour
rPois    +         Reflect  .   (no helmet)
rElec    +         Harm     .   q - +1 cloak of Starlight {rElec rC+ EV+4 Stlth--}
rCorr    +         NoCast   +   (no gloves)
MR       +....                  t - +0 pair of boots
Stlth    ..........             z - amulet of the acrobat
HPRegen  0.00/turn              i - -4 ring of protection (curse)
MPRegen  0.07/turn              o - ring of attention (curse)

@: confused, lethally poisoned (-2 -> -12), resistant, flying, non-regenerating
A: damage resistance, heal wounds, sense surroundings 2, no regeneration
a: Heal Wounds, Renounce Religion


You were on level 2 of the Spider Nest.
You worshipped Jiyva.
Jiyva was noncommittal.
You visited 3 branches of the dungeon, and saw 17 of its levels.
You also visited: Ice Cave.

You collected 1142 gold pieces.
You spent 182 gold pieces at shops.

Inventory:

Hand Weapons
 a - a +0 war axe
 k - a +2 hand axe of freezing
 n - a +3 antimagic war axe (weapon)
Missiles
 C - a throwing net (quivered) {!f}
Armour
 b - a +0 scale mail
 c - a +1 kite shield
 m - a scarf of repulsion
 p - a +4 plate armour (worn)
 q - the +1 cloak of Starlight (worn) {rElec rC+ EV+4 Stlth--}
   (You found it on level 9 of the Dungeon)

   It affects your evasion (+4).
   It protects you from cold.
   It insulates you from electricity.
   It makes you much less stealthy.
 r - the +0 buckler of Zaes (worn) {-Cast rPois Regen+ Int+3}
   (You found it on level 9 of the Dungeon)

   It affects your intelligence (+3).
   It protects you from poison.
   It prevents spellcasting.
   It increases your rate of regeneration.
 t - a +0 pair of boots (worn)
Jewellery
 i - a cursed -4 ring of protection (left hand)
 o - a cursed ring of attention (right hand)
 z - an amulet of the acrobat (around neck)
 A - a cursed ring of teleportation {unknown}
 D - an uncursed amulet of magic regeneration
Wands
 s - a wand of polymorph (9)
 v - a wand of acid (12) {@v1}
Scrolls
 f - 3 scrolls of teleportation {@r3 !r}
 y - a scroll of holy word
Potions
 d - 4 potions of might {@q3 !q}
 e - 2 potions of invisibility
 g - a potion of brilliance
 h - 2 potions of haste {@q4 !q}
 j - 2 potions of stabbing {@q5 !q}
 l - 2 potions of lignification {@q6}
 w - a potion of resistance
 x - a potion of heal wounds {unknown}
 B - 2 potions of degeneration


   Skills:
 - Level 8.0 Fighting
 - Level 16.0 Axes
 - Level 3.2 Armour
 + Level 0.0 Dodging
 - Level 5.0 Shields
 + Level 2.6 Spellcasting
   Level 8.0 Invocations
 - Level 4.0 Evocations


You had 15 spell levels left.
You didn't know any spells.
Your spell library was empty.

Dungeon Overview and Level Annotations

Branches:
Dungeon (10/15)              Lair (5/6) D:10         Shoals (0/4) Lair:2
 Spider (2/4) Lair:3        Slime (0/5) Lair:5        IceCv (visited)
 Temple: D:4-7          Orc: D:9-12

Altars:
Cheibriados
Dithmenos
Elyvilon
Gozag
Xom
The Shining One
Beogh
Jiyva

Shops:
D:6 *

Annotations:
Lair:2 exclusion: 4 oklob plants


Innate Abilities, Weirdness & Mutations

You are resistant to damage.
You can heal yourself by infusing magical energy.
You passively map the area around you.
You do not regenerate.


Message History

The tarantella bites you but does no damage.
The wolf spider misses you. The wolf spider bites you.
The wolf spider misses you. x2
You bump into the rock wall.
The tarantella bites you but does no damage.
The wolf spider hits you but does no damage.
The wolf spider bites you but does no damage.
The tarantella bites you.
You are more confused.
You bump into the rock wall.
The wolf spider hits you. The wolf spider closely misses you.
The tarantella misses you. The wolf spider closely misses you.
The wolf spider bites you but does no damage.
You slash the wolf spider!
The wolf spider is lightly wounded.
You miss the tarantella. The tarantella bites you!
You are more confused.
The wolf spider hits you!
The wolf spider bites you but does no damage.
The tarantella barely misses you.
You miss the tarantella.
The tarantella is severely wounded.
You barely miss the wolf spider. The wolf spider hits you!
The wolf spider bites you but does no damage.
The tarantella closely misses you. The wolf spider completely misses you.
The wolf spider bites you.
The tarantella bites you but does no damage.
The wolf spider misses you. x2
You bump into the rock wall.
The tarantella barely misses you.
The wolf spider hits you but does no damage.
The wolf spider bites you. The tarantella barely misses you.
Okay, then.
The wolf spider closely misses you. The wolf spider misses you.
You bump into the rock wall.
The tarantella closely misses you. The wolf spider hits you!
The wolf spider bites you but does no damage.
The tarantella misses you.
It was a potion of degeneration.
There was something very wrong with that liquid.
You feel weakened.
You feel dopey.
You feel clumsy.
The wolf spider hits you but does no damage.
The wolf spider bites you.
The tarantella bites you but does no damage.
The wolf spider hits you! The wolf spider barely misses you.
It was a potion of resistance.
You feel protected. The tarantella barely misses you. The wolf spider hits you.
The wolf spider bites you but does no damage.
The tarantella bites you but does no damage.
You bump into the rock wall.
The wolf spider barely misses you.
The wolf spider bites you but does no damage.
The tarantella bites you.
* * * LOW HITPOINT WARNING * * *
You are more confused.
The wolf spider hits you but does no damage.
The wolf spider barely misses you.
You're too confused to move!
The tarantella barely misses you.
The wolf spider hits you but does no damage.
The wolf spider bites you!
* * * LOW HITPOINT WARNING * * *
The tarantella closely misses you.
The wolf spider misses you. x2; The tarantella completely misses you.
The wolf spider misses you. The wolf spider barely misses you.
You closely miss the tarantella.
The tarantella is severely wounded.
You slash the wolf spider! The tarantella bites you!
* * * LOW HITPOINT WARNING * * *
The wolf spider barely misses you. The wolf spider bites you.
You're too confused to move!
The tarantella barely misses you.
The wolf spider hits you but does no damage.
The wolf spider bites you.
You are poisoned.
The wolf spider poisons you! The tarantella bites you!
* * * LOW HITPOINT WARNING * * *
You are more confused.
Unknown command.
Unknown command.
Unknown command.
Unknown command.
Unknown command.
Unknown command.
Unknown command.
Unknown command.
Unknown command.
Unknown command.
Unknown command.
Unknown command.
It was a potion of flight.
You feel very buoyant.
You fly up into the air.
* * * LOW HITPOINT WARNING * * *
You feel very sick.
The wolf spider hits you but does no damage.
The wolf spider bites you but does no damage.
The tarantella bites you.
You are more confused.
The wolf spider hits you.
* * * LOW HITPOINT WARNING * * *
The wolf spider bites you!
You die...

,, * * , , * ## ,
,, * * ##.### * * *
* * #....## , * , ,
#....### * ,, ^
#.....# , , ,
#.s...## , ^ ,
.#@s....###..#
...(.....(..<.....#
, ,
.................##
* , ,*
*^###.....#...#.###
* ##.#..#..####
######### , , , * *
* , ,


You could see a wolf spider and a tarantella.

Vanquished Creatures
  2 ice dragons (IceCv)
  The ghost of FIQ the Spear-Bearer, a novice HOFi of Beogh (D:9)
  A black mamba (Lair:4)
  Joseph (D:7)
  2 ice statues (IceCv)
  3 rime drakes
  2 komodo dragons
  A demonic crawler (Lair:3)
  3 polar bears
  Grinder (D:5)
  2 hippogriffs
  8 blink frogs (Lair:4)
  Sigmund (D:2)
  4 yaks (Lair:4)
  A basilisk (Lair:2)
  Eustachio (D:5)
  8 water moccasins
  A warg (D:9)
  10 porcupines
  4 orc warriors (D:9)
  A black bear (D:10)
  15 ice beasts
  A phantom (D:5)
  A sky beast (D:5)
  3 centaurs
  The ghost of P0WERM0DE the Sneak, an amateur OpDe (D:3)
  4 crocodiles
  5 bullfrogs
  A big kobold (D:7)
  A wyvern zombie (D:8)
  7 scorpions
  4 wights (D:10)
  A howler monkey (D:5)
  A centaur zombie (D:6)
  A bullfrog zombie (D:6)
  3 hounds
  A bullfrog skeleton (D:9)
  A jelly (D:5)
  An orc priest (D:9)
  2 orc wizards (D:4)
  3 worker ants
  A hound zombie (D:5)
  4 gnolls (D:3)
  3 adders
  An ooze (D:2)
  An adder zombie (D:6)
  5 worms
  9 orcs
  3 bats
  3 giant cockroaches
  4 goblins
  2 hobgoblins
  7 kobolds
  2 quokkas
  A quokka zombie (D:5)
  3 rats (D:2)
  A fungus (Lair:4)
  4 plants
169 creatures vanquished.

Vanquished Creatures (others)
  10 plants
10 creatures vanquished.

Grand Total: 179 creatures vanquished

Notes
Turn   | Place    | Note
-------+----------+-------------------------------------------
     0 | D:1      | EnegeticOcto the Deep Dwarf Fighter began the quest for the
                  | Orb.
     0 | D:1      | Reached XP level 1. HP: 20/20 MP: 1/1
    58 | D:2      | Noticed Sigmund
    76 | D:2      | Killed Sigmund
    76 | D:2      | Reached skill level 6 in Axes
    76 | D:2      | Reached XP level 2. HP: 27/27 MP: 2/2
    76 | D:2      | Reached XP level 3. HP: 33/33 MP: 3/3
    76 | D:2      | Reached XP level 4. HP: 40/40 MP: 4/4
    76 | D:2      | Reached XP level 5. HP: 46/46 MP: 5/5
    80 | D:2      | Found a glowing golden altar of the Shining One.
    97 | D:2      | Became a worshipper of the Shining One
   213 | D:2      | Found a white marble altar of Elyvilon.
   361 | D:3      | Noticed P0WERM0DE's ghost (amateur OpDe)
   375 | D:3      | Found a runed translucent gate.
   375 | D:3      | Found a runed translucent gate.
   377 | D:3      | Found a runed translucent gate.
   476 | D:3      | Killed P0WERM0DE's ghost
   476 | D:3      | Reached skill level 7 in Axes
   476 | D:3      | Reached XP level 6. HP: 32/55 MP: 6/6
   524 | D:3      | Your magical essence is drained by the effort!
   594 | D:4      | Your magical essence is drained by the effort!
   603 | D:4      | Reached skill level 8 in Axes
   609 | D:4      | Found a shimmering altar of Xom.
   684 | D:5      | Entered Level 5 of the Dungeon
   743 | D:5      | Noticed Eustachio
   743 | D:5      | Reached * piety under the Shining One
   749 | D:5      | Reached XP level 7. HP: 51/61 MP: 5/5
   757 | D:5      | Your magical essence is drained by the effort!
   757 | D:5      | Noticed Grinder
   762 | D:5      | Your magical essence is drained by the effort!
   789 | D:5      | Your magical essence is drained by the effort!
   798 | D:5      | Reached skill level 9 in Axes
   806 | D:5      | Killed Eustachio
   817 | D:5      | Paralysed by Grinder for 2 turns
   823 | D:5      | Killed Grinder
   823 | D:5      | Reached skill level 10 in Axes
   823 | D:5      | Reached XP level 8. HP: 49/68 MP: 3/3
   888 | D:4      | Reached skill level 1 in Invocations
   915 | D:6      | Found a snail-covered altar of Cheibriados.
   932 | D:6      | Reached skill level 2 in Invocations
   956 | D:7      | Noticed Joseph
   961 | D:7      | Reached skill level 11 in Axes
   983 | D:7      | Your magical essence is drained by the effort!
  1004 | D:7      | Killed Joseph
  1004 | D:7      | Reached skill level 4 in Invocations
  1013 | D:7      | Found an opulent altar of Gozag.
  1081 | D:6      | Found Qujiphu's Assorted Antiques.
  1111 | D:6      | Bought a glowing war axe for 182 gold pieces
  1125 | D:6      | Your magical essence is drained by the effort!
  1144 | D:6      | Reached skill level 12 in Axes
  1156 | D:7      | Reached skill level 5 in Invocations
  1156 | D:7      | Gained mutation: You passively map the area around you.
                  | [Deep Dwarf growth]
  1156 | D:7      | Reached XP level 9. HP: 46/74 MP: 1/5
  1318 | D:9      | Found a shimmering altar of Xom.
  1331 | D:9      | Found a runed translucent gate.
  1331 | D:9      | Found a runed translucent gate.
  1332 | D:9      | Found a runed translucent gate.
  1335 | D:9      | Noticed FIQ's ghost (novice HOFi)
  1337 | D:9      | Found a roughly hewn altar of Beogh.
  1338 | D:9      | Found the +1 cloak of Starlight {rElec rC+ EV+4 Stlth--}
  1338 | D:9      | Your magical essence is drained by the effort!
  1338 | D:9      | Identified the cursed +1 rapier "Imp's Bane" {pain, Fragile
                  | Str+7}
  1349 | D:9      | Reached skill level 6 in Invocations
  1368 | D:9      | Your magical essence is drained by the effort!
  1371 | D:9      | Killed FIQ's ghost
  1371 | D:9      | Reached ** piety under the Shining One
  1371 | D:9      | Reached skill level 13 in Axes
  1371 | D:9      | Reached skill level 7 in Invocations
  1407 | D:9      | Got an encrusted buckler
  1418 | D:9      | Identified the +0 buckler of Zaes {-Cast rPois Regen+
                  | Int+3} (You found it on level 9 of the Dungeon)
  1473 | D:9      | Found a shadowy altar of Dithmenos.
  1723 | D:10     | Entered Level 10 of the Dungeon
  1842 | D:10     | Found a staircase to the Lair.
  1865 | Lair:1   | Entered Level 1 of the Lair of Beasts
  1901 | Lair:2   | Reached skill level 8 in Invocations
  1904 | Lair:2   | Reached XP level 10. HP: 78/81 MP: 1/7
  1922 | Lair:2   | Noticed an oklob plant
  1922 | Lair:2   | Noticed an oklob plant
  1922 | Lair:2   | Noticed an oklob plant
  1923 | Lair:2   | Noticed an oklob plant
  1953 | Lair:2   | Reached skill level 1 in Evocations
  1959 | Lair:2   | Reached skill level 3 in Fighting
  1959 | Lair:2   | Reached skill level 14 in Axes
  1976 | Lair:2   | Reached skill level 2 in Evocations
  2030 | Lair:2   | Reached skill level 3 in Evocations
  2066 | Lair:2   | Found a frozen archway.
  2076 | IceCv    | Entered an ice cave
  2108 | IceCv    | Reached skill level 4 in Fighting
  2108 | IceCv    | Reached skill level 4 in Evocations
  2125 | IceCv    | Noticed an ice statue
  2125 | IceCv    | Noticed an ice statue
  2142 | IceCv    | Killed an ice statue
  2142 | IceCv    | Reached skill level 15 in Axes
  2161 | IceCv    | Killed an ice statue
  2184 | IceCv    | Reached skill level 5 in Fighting
  2206 | IceCv    | Noticed an ice dragon
  2206 | IceCv    | Noticed an ice dragon
  2225 | IceCv    | Your magical essence is drained by the effort!
  2232 | IceCv    | Your magical essence is drained by the effort!
  2235 | IceCv    | Killed an ice dragon
  2235 | IceCv    | Reached XP level 11. HP: 54/96 MP: 2/6
  2236 | IceCv    | Killed an ice dragon
  2552 | Lair:3   | Your magical essence is drained by the effort!
  2607 | Lair:4   | Reached skill level 6 in Fighting
  2614 | Lair:4   | Reached *** piety under the Shining One
  2634 | Lair:4   | Reached skill level 16 in Axes
  2656 | Lair:4   | Reached skill level 7 in Fighting
  2722 | Lair:5   | Reached skill level 8 in Fighting
  2731 | Lair:5   | Found a viscous altar of Jiyva.
  2732 | Lair:5   | Found a staircase to the Slime Pits.
  2739 | Lair:5   | Fell from the grace of the Shining One
  2739 | Lair:5   | Became a worshipper of Jiyva Jiqikhlo the Shapeless
  2839 | Lair:4   | Reached skill level 1 in Spellcasting
  2900 | Lair:4   | Reached skill level 4 in Shields
  2922 | Lair:4   | Reached skill level 2 in Spellcasting
  2947 | Lair:3   | Found a hole to the Spider Nest.
  2962 | Lair:3   | Reached skill level 5 in Shields
  3008 | Spider:1 | Entered Level 1 of the Spider Nest
  3038 | Spider:2 | Noticed a wolf spider
  3064 | Spider:2 | HP: 4/103 [wolf spider (3)]
  3064 | Spider:2 | Slain by a wolf spider

Illustrated notes

Levels and vault maps discovered:
D:1:      erik_arrival_blinker_ship, layout_basic
D:2:      layout_loops_ring, overflow_temple_1_default, tso_metal_star,
          grunt_ministairs_2, uniq_sigmund
D:3:      layout_loops_cross, gammafunk_ghost_split
D:4:      layout_layer_cave, old_standard_altar
D:5:      layout_basic, minmay_door_square, uniq_pikel, uniq_grinder,
          uniq_eustachio
D:6:      layout_cave_pods, kennysheep_mini, gammafunk_temple_overflow_wave,
          serial_shops, shop_coins, basic_altar
D:7:      layout_loops_ring, nicolae_overflow_crystal_walls,
          minmay_temple_entry_fiery, uniq_joseph
D:8:      layout_rooms, lemuel_round_altar, nemelex_altar_shiori,
          vehumet_statue, serial_rivers, chequers_serial_rivers_large_b,
          chequers_serial_rivers_large_a, chequers_serial_rivers_marsh,
          chequers_serial_rivers_room_b, chequers_serial_rivers_micro_e,
          minmay_misc_feat_doors
D:9:      layout_roguey, lemuel_crystal_altar, biasface_ghost_orc_armoury,
          basic_altar, minmay_lizard_king
D:10:     layout_long_grid, dpeg_oklobed_lair, uniq_harold, uniq_josephine,
          uniq_urug
Lair:1:   layout_chaotic_city
Lair:2:   layout_small_grid, elwin_shoals_entry_stream,
          portal_ice_cave_entry_pillars_1, serial_bayou_lake_a,
          minmay_lair_oklob_chamber
Lair:3:   layout_concentric_octagons, nicolae_spider_entry_non_spiders
Lair:4:   layout_loops_ring, serial_forest, infiniplex_forest_lined_2,
          infiniplex_forest_clump_small, infiniplex_forest_lined_3,
          infiniplex_forest_clump_curved, infiniplex_forest_clump_curved,
          infiniplex_forest_clump_cross, serial_bayou_shore_a,
          grunt_megastairs_4, lemuel_fruit_tree
Lair:5:   wander_river, layout_regular_city, slime_altar_1, basic_altar
Spider:1: layout_spider_delve, nicolae_looking_at_the_future, uniq_agnes,
          uniq_jorgrun, uniq_roxanne
Spider:2: layout_spider_delve, uniq_nikola, uniq_arachne, uniq_donald

Skill      XL: |  1  2  3  4  5  6  7  8  9 10 11 |
---------------+----------------------------------+-----
Axes           | 6 7 8 10 12 13 15 16 | 16.0
Invocations    | 5 8 |  8.0
Evocations     | 4 |  4.0
Fighting       | 5 8 |  8.0
Spellcasting   | 2 |  2.6
Shields        | 5 |  5.0
Armour         | |  3.2

Action                   |  1- 3 |  4- 6 |  7- 9 | 10-12 || total
-------------------------+-------+-------+-------+-------++-------
Melee: War axe           |    13 |   111 |    95 |   326 ||   545
       Hand axe          |       |     6 |   127 |       ||   133
 Abil: Heal Wounds       |     1 |     7 |    25 |    22 ||    55
  Use: Scroll            |       |     4 |     4 |     6 ||    14
       Potion            |       |       |     1 |     4 ||     5
Armor: Scale mail        |    10 |    58 |    19 |       ||    87
       Plate armour      |       |       |    17 |   178 ||   195
Dodge: Dodged            |    10 |    61 |    63 |   141 ||   275
Block: Kite shield       |     3 |    92 |   102 |   162 ||   359

Table legend: (Time is in decaauts)
 A = Elapsed time spent in this place.
 B = Non-inter-level travel time spent in this place.
 C = Inter-level travel time spent in this place.
 D = Time resting spent in this place.
 E = Time spent auto-exploring this place.
 F = Levels seen in this place.
 G = Mean time per level.
                   A        B        C        D        E       F      G
               +--------+--------+--------+--------+--------+-----+--------+
         Total |   3016 |   2889 |    127 |      0 |      0 |  18 |  167.6 |
       Dungeon |   1878 |   1751 |    127 |      0 |      0 |  10 |  187.8 |
          Lair |    731 |    731 |      0 |      0 |      0 |   5 |  146.2 |
   Spider Nest |     53 |     53 |      0 |      0 |      0 |   2 |   26.5 |
      Ice Cave |    353 |    353 |      0 |      0 |      0 |   1 |  353.0 |
               +--------+--------+--------+--------+--------+-----+--------+

Top non-repeatable levels by time:
     D:9: 460 daAuts
   IceCv: 353 daAuts
     D:3: 287 daAuts
  Lair:4: 259 daAuts
     D:2: 247 daAuts
     D:5: 213 daAuts
  Lair:2: 202 daAuts
  Lair:3: 180 daAuts
     D:4: 155 daAuts
     D:6: 140 daAuts
     D:7: 140 daAuts
    D:10: 126 daAuts
     D:8: 69 daAuts
  Lair:5: 62 daAuts
     D:1: 38 daAuts
